[Event "Titled Tuesday Blitz November 14 Late 2023"]
[White "Eljanov, Pavel"]
[Black "Rorrer, Grayson"]
[WhiteFideId "14102951"]
[BlackFideId "30944996"]
[WhiteElo "2883"]
[BlackElo "2738"]
[Result "1-0"]
[Round "7"]
[TimeControl "180+1"]
[Date "2023.11.14"]
[WhiteClock "0:00:49"]
[BlackClock "0:00:17"]
[Board "10"]

1. d4 Nf6 2. Bf4 g6 3. Nf3 Bg7 4. e3 d6 5. h3 c5 6. c3 Qb6 7. Qb3 O-O 8. Nbd2 cxd4 9. Qxb6 axb6 10. exd4 Nc6 11. Bh2 Be6 12. a3 Rfc8 13. Be2 Na5 14. O-O Bd5 15. Rfe1 Ne4 16. Nxe4 Bxe4 17. Bd1 Bxf3 18. Bxf3 Rc7 19. Bd5 Kf8 20. Re2 Nc4 21. Rae1 Bf6 22. Bf4 Kg7 23. Bxc4 Rxc4 24. Rxe7 Bxe7 25. Rxe7 d5 26. Rxb7 Rc6 27. Rd7 Ra5 28. Be5+ Kh6 29. Rxf7 Rb5 30. b4 Rxc3 31. Ra7 g5 32. Bd6 Kg6 33. a4 Rc2 34. axb5 1-0


[Site "https://www.chess.com"]

[Event "Titled Tuesday Blitz November 14 Late 2023"]
[White "Szpar, Milosz"]
[Black "Hasangatin, Ramil"]
[WhiteFideId "1184989"]
[BlackFideId "4122160"]
[WhiteElo "2865"]
[BlackElo "2713"]
[Result "1-0"]
[Round "7"]
[TimeControl "180+1"]
[Date "2023.11.14"]
[WhiteClock "0:00:59"]
[BlackClock "0:00:00"]
[Board "11"]

1. Nf3 d5 2. e3 Nf6 3. c4 c6 4. Nc3 g6 5. Be2 Bg7 6. d4 O-O 7. O-O dxc4 8. Bxc4 Bg4 9. Be2 Nbd7 10. b3 Re8 11. Bb2 Bxf3 12. Bxf3 e5 13. d5 e4 14. dxc6 bxc6 15. Be2 Ne5 16. Qc2 Nd3 17. Rad1 Nb4 18. Qb1 Qe7 19. Ba3 a5 20. Bc4 Qe5 21. Ne2 Ng4 22. Ng3 h5 23. Rd7 h4 24. Rxf7 Nd5 25. Rf4 Nxf2 26. Rxh4 Nd3 27. Rxe4 Qc3 28. Rxe8+ Rxe8 29. Qxd3 Rxe3 30. Qxg6 1-0


[Site "https://www.chess.com"]

[Event "Titled Tuesday Blitz November 14 Late 2023"]
[White "Zakhartsov, Vladimir"]
[Black "Sydoryka, Vladyslav"]
[WhiteFideId "4145097"]
[BlackFideId "14145928"]
[WhiteElo "2854"]
[BlackElo "2692"]
[Result "1-0"]
[Round "7"]
[TimeControl "180+1"]
[Date "2023.11.14"]
[WhiteClock "0:00:37"]
[BlackClock "0:00:02"]
[Board "12"]

1. d4 Nf6 2. c4 e6 3. Nf3 d5 4. g3 Bb4+ 5. Bd2 Be7 6. Bg2 O-O 7. Bc3 dxc4 8. Ne5 Qd6 9. Nd2 Qa6 10. Ndxc4 Rd8 11. Qc2 Nd5 12. O-O f6 13. Be4 f5 14. Bd3 b5 15. Ne3 Bb7 16. a4 Nxe3 17. fxe3 Qd6 18. axb5 Nd7 19. Nxd7 Qxd7 20. e4 Bg5 21. Rf3 g6 22. h4 Bh6 23. Kh2 fxe4 24. Bxe4 Qxb5 25. Ra5 Bxe4 26. Qxe4 Qd7 27. h5 Qe8 28. Re5 Rd6 29. hxg6 Qxg6 30. Qxa8+ 1-0


[Site "https://www.chess.com"]

[Event "Titled Tuesday Blitz November 14 Late 2023"]
[White "Gimenez Aguirre, Alejo Ismael"]
[Black "Mikaelyan, Arman"]
[WhiteFideId "32041667"]
[BlackFideId "13304852"]
[WhiteElo "2620"]
[BlackElo "2839"]
[Result "1/2-1/2"]
[Round "7"]
[TimeControl "180+1"]
[Date "2023.11.14"]
[WhiteClock "0:00:13"]
[BlackClock "0:00:15"]
[Board "13"]

1. e4 e5 2. Nf3 Nc6 3. Bb5 a6 4. Ba4 Nf6 5. O-O b5 6. Bb3 Be7 7. Re1 O-O 8. h3 Bb7 9. d3 d6 10. c3 Na5 11. Bc2 c5 12. Nbd2 Rc8 13. a4 b4 14. Qe2 Re8 15. Nf1 bxc3 16. bxc3 c4 17. d4 Nb3 18. Rb1 exd4 19. Nxd4 Nc5 20. f3 Bf8 21. Bg5 h6 22. Bh4 Ba8 23. Ne3 Ncd7 24. Qf1 Qa5 25. Ne2 d5 26. Nxd5 Bxd5 27. exd5 Nxd5 28. Be4 Ne3 29. Qf2 Bc5 30. Kh1 f5 31. Bb7 Rc7 32. Nf4 Kh7 33. Qg3 Nf8 34. Nd5 Rf7 35. Bc6 Re6 36. Nxe3 Rxe3 37. Bd5 Rd7 38. Bxc4 Qxc3 39. Bxa6 f4 40. Qf2 Rd2 41. Qf1 Ng6 42. Bf2 Qc2 43. Bxe3 fxe3 44. Rbc1 Qf5 45. Bd3 Rxd3 46. Rxc5 Qd7 47. Rc2 Nf4 48. a5 Ra3 49. Rc4 Qd6 50. Rd1 Qe5 51. Re4 Qf5 52. Rdd4 e2 53. Qe1 Nd3 54. Rxd3 Rxd3 55. Qxe2 Ra3 56. Re5 Ra1+ 57. Kh2 Qf4+ 58. g3 Qd4 59. Qe4+ Qxe4 60. Rxe4 Rxa5 61. h4 Ra2+ 62. Kh3 Ra6 63. h5 Kg8 64. Kg4 Kf7 65. f4 Ra5 66. Rd4 Ra6 67. Rc4 Ra7 68. Rc5 Rb7 69. Rd5 Rc7 70. Kf5 Rb7 71. g4 Rb6 72. Rd7+ Kg8 73. Re7 Rb5+ 74. Re5 Rb4 75. g5 hxg5 76. fxg5 Kh7 77. Rd5 Rb1 78. Rd4 Rf1+ 79. Rf4 Rb1 80. Kg4 Rg1+ 81. Kf5 Rb1 82. Ke6 Rb6+ 83. Ke5 Rb5+ 84. Ke4 Rxg5 85. Rh4 Kh6 86. Kf4 Rxh5 87. Rg4 Rh3 88. Rg1 Ra3 89. Kg4 Ra4+ 90. Kg3 g5 91. Rb1 Kh5 92. Rb3 Rd4 93. Rc3 Rg4+ 94. Kh3 Rd4 95. Kg3 Rd1 96. Rc4 Rd3+ 97. Kg2 g4 98. Rc2 Kh4 99. Rb2 Rc3 100. Ra2 Rg3+ 101. Kh2 Re3 102. Kg2 Rd3 103. Rb2 Rc3 104. Rd2 Re3 105. Rc2 Rg3+ 106. Kh2 Rf3 107. Kg2 Rf6 108. Rd2 Re6 109. Rc2 Re1 110. Rd2 Ra1 111. Rc2 Ra4 112. Rd2 g3 113. Rc2 Kg4 114. Rd2 Rf4 115. Rc2 Re4 116. Rd2 Re3 117. Rd4+ Kf5 118. Rd2 Ke4 119. Ra2 Kf4 120. Ra4+ Kf5 121. Ra5+ Kg4 122. Ra4+ Kg5 123. Ra5+ Kf4 124. Ra4+ Kf5 125. Ra5+ Re5 126. Rxe5+ Kxe5 127. Kxg3 1/2-1/2


[Site "https://www.chess.com"]

[Event "Titled Tuesday Blitz November 14 Late 2023"]
[White "Andreikin, Dmitry"]
[Black "Ivic, Velimir"]
[WhiteFideId "4158814"]
[BlackFideId "950122"]
[WhiteElo "3117"]
[BlackElo "2817"]
[Result "1-0"]
[Round "7"]
[TimeControl "180+1"]
[Date "2023.11.14"]
[WhiteClock "0:00:05"]
[BlackClock "0:00:02"]
[Board "14"]

1. d4 d5 2. c4 c6 3. Nf3 Nf6 4. Qc2 g6 5. cxd5 cxd5 6. Bf4 Nc6 7. Nc3 Bg7 8. e3 O-O 9. Be2 Bf5 10. Qb3 Na5 11. Qb4 Rc8 12. O-O Ne4 13. Rac1 Nxc3 14. Rxc3 Rxc3 15. Qxc3 Nc6 16. Qb3 Qd7 17. Rc1 Bg4 18. h3 Bxf3 19. Bxf3 e6 20. Be2 Rc8 21. Qb5 a6 22. Qa4 Bf8 23. Bf1 Bd6 24. Bxd6 Qxd6 25. b4 Rc7 26. Rc5 Kg7 27. a3 Nb8 28. Qe8 Nd7 29. Qd8 Rc6 30. Rxc6 Qxc6 31. Qe8 b5 32. g3 Qc7 33. Qe7 Qc6 34. Qe8 Qc7 35. Qa8 Nb8 36. e4 dxe4 37. Qxe4 Nd7 38. Qa8 Qd6 39. Bg2 Nf6 40. Bf3 h5 41. h4 Qxd4 42. Qxa6 Qd3 43. Bg2 Ng4 44. Qb6 Qxa3 45. Qxb5 e5 46. Qc5 f5 47. Qe7+ Kh6 48. Qf8+ Kh7 49. Bd5 Qc1+ 50. Kg2 Qd2 51. Qg8+ Kh6 52. Qh8# 1-0


[Site "https://www.chess.com"]

[Event "Titled Tuesday Blitz November 14 Late 2023"]
[White "Yoo, Christopher Woojin"]
[Black "Djordjevic, Vuk"]
[WhiteFideId "30909694"]
[BlackFideId "902098"]
[WhiteElo "3055"]
[BlackElo "2763"]
[Result "1/2-1/2"]
[Round "7"]
[TimeControl "180+1"]
[Date "2023.11.14"]
[WhiteClock "0:00:02"]
[BlackClock "0:00:03"]
[Board "15"]

1. d4 Nf6 2. c4 e6 3. Nf3 b6 4. g3 Ba6 5. Qb3 Nc6 6. Bd2 Be7 7. Bg2 O-O 8. O-O d5 9. Qa4 Nb8 10. Ne5 c6 11. Nc3 Bb7 12. cxd5 cxd5 13. Rac1 Nfd7 14. Nxd7 Qxd7 15. Qxd7 Nxd7 16. Nb5 Rfc8 17. Bf4 Bd8 18. Nd6 Rxc1 19. Rxc1 Ba6 20. e4 Nf6 21. b4 Be7 22. e5 Bxd6 23. exd6 Rd8 24. Rc7 Rd7 25. Bf1 Rxc7 26. dxc7 Bb7 27. Bb5 a6 28. Bc6 Bc8 29. f3 Nd7 30. a4 f6 31. Bd6 Kf7 32. Kf2 Nf8 33. Ke3 Ng6 34. h4 Ne7 35. Bxe7 Kxe7 36. h5 Kd6 37. Be8 h6 38. a5 bxa5 39. bxa5 Kxc7 40. Ba4 Bd7 41. Bc2 Bb5 42. Kf4 Kc6 43. g4 Kd6 44. Ke3 e5 45. Bb3 Bd7 46. Bc2 e4 47. Bd1 exf3 48. Bxf3 f5 49. gxf5 Bxf5 50. Be2 Bc8 51. Kf4 Bb7 52. Kf5 Ke7 53. Ke5 Kd7 54. Bf3 Ke7 55. Bxd5 Bc8 56. Bf3 Bd7 57. d5 Bb5 58. d6+ Kd7 59. Be4 Be2 60. Bf5+ Kd8 61. Bg6 Kd7 62. Kd5 Bb5 63. Kc5 Be2 64. Bf7 Bd3 65. Kd5 Be2 66. Ke5 Kd8 67. Bg6 Kd7 68. Bf7 Kd8 69. Kf5 Kd7 70. Ke5 1/2-1/2


[Site "https://www.chess.com"]

[Event "Titled Tuesday Blitz November 14 Late 2023"]
[White "Hakobyan, Aram"]
[Black "Arifarsky"]
[WhiteFideId "13306677"]
[WhiteElo "3017"]
[BlackElo "2731"]
[Result "1/2-1/2"]
[Round "7"]
[TimeControl "180+1"]
[Date "2023.11.14"]
[WhiteClock "0:00:08"]
[BlackClock "0:00:21"]
[Board "16"]

1. d4 Nf6 2. c4 g6 3. Nc3 Bg7 4. Nf3 O-O 5. Bg5 d6 6. e3 Nbd7 7. Be2 e5 8. O-O c6 9. Qc2 a5 10. Rfd1 Qc7 11. Rac1 Re8 12. a3 exd4 13. exd4 Nf8 14. h3 Bf5 15. Bd3 Bxd3 16. Qxd3 Ne6 17. Be3 Qd8 18. b4 axb4 19. axb4 Ra3 20. Ra1 Qa8 21. Rxa3 Qxa3 22. d5 cxd5 23. Nxd5 Qxd3 24. Nxf6+ Bxf6 25. Rxd3 Rc8 26. Nd2 Be7 27. Rd5 Nc7 28. Ra5 Ra8 29. Rxa8+ Nxa8 30. b5 Nc7 31. Bb6 Ne6 32. Ne4 f5 33. Nc3 Kf7 34. Kf1 Bd8 35. Be3 Bf6 36. Nd5 Bd4 37. Ke2 Bg7 38. Kd3 Ke8 39. f3 Kd7 40. g4 fxg4 41. fxg4 Nc7 42. Nxc7 Kxc7 43. Ke4 Kd7 44. Kd5 Bf8 45. Bg5 Bg7 46. Bf4 Bf8 47. Bd2 Be7 48. Bb4 Bf8 49. Ba3 Be7 50. Bc1 Bf8 51. Bg5 Bg7 52. Bh4 Bf8 53. Bf6 Bh6 54. Bc3 Bf8 55. Ba5 Be7 56. Bb6 Bf8 57. Ba7 Be7 58. Bd4 Bf8 59. g5 Be7 60. Bf6 Bf8 61. h4 Be7 62. Bc3 Bf8 63. Bd4 Be7 64. Bg7 Bd8 65. Bf6 Be7 66. Bc3 Bd8 67. Bb4 Be7 68. Ba3 Bf8 69. Bc1 Be7 70. Bf4 Bf8 71. Be3 Be7 72. Bd2 Bf8 73. Ba5 Be7 74. Bc3 1/2-1/2


[Site "https://www.chess.com"]

[Event "Titled Tuesday Blitz November 14 Late 2023"]
[White "Alekseenko, Kirill"]
[Black "MKlose11"]
[WhiteFideId "4135539"]
[WhiteElo "2959"]
[BlackElo "2689"]
[Result "1-0"]
[Round "7"]
[TimeControl "180+1"]
[Date "2023.11.14"]
[WhiteClock "0:01:15"]
[BlackClock "0:00:15"]
[Board "17"]

1. e4 e6 2. d4 d5 3. Nd2 Be7 4. Bd3 c5 5. dxc5 Nf6 6. Qe2 Nc6 7. Ngf3 Nb4 8. e5 Nd7 9. O-O Nxd3 10. cxd3 Nxc5 11. Nd4 b6 12. Rd1 Ba6 13. Nf1 Rc8 14. Ng3 O-O 15. Nh5 g6 16. Ng3 Bg5 17. Be3 Bxe3 18. Qxe3 Kg7 19. h3 Qh4 20. Rd2 Rc7 21. Rf1 Rfc8 22. f4 Kh8 23. Kh2 Rd8 24. Nh1 Ne4 25. Rdd1 Nc5 26. Nf2 h5 27. Nh1 Kg8 28. Ng3 Rdc8 29. Nge2 Rd8 30. Ng1 Na4 31. Ngf3 Qe7 32. Rd2 Rdc8 33. Rdf2 Nc5 34. Rd1 Nd7 35. Ng5 Nb8 36. g4 hxg4 37. hxg4 Kg7 38. f5 exf5 39. gxf5 Rh8+ 40. Kg2 gxf5 41. Nxf5+ 1-0


[Site "https://www.chess.com"]

[Event "Titled Tuesday Blitz November 14 Late 2023"]
[White "Makarian, Rudik"]
[Black "Solon, Nathan"]
[WhiteFideId "44105681"]
[BlackFideId "2017229"]
[WhiteElo "2956"]
[BlackElo "2688"]
[Result "1-0"]
[Round "7"]
[TimeControl "180+1"]
[Date "2023.11.14"]
[WhiteClock "0:02:29"]
[BlackClock "0:00:48"]
[Board "18"]

1. d4 d5 2. c4 c6 3. Nf3 Nf6 4. Nc3 e6 5. Bg5 dxc4 6. e4 b5 7. e5 h6 8. Bh4 g5 9. Nxg5 hxg5 10. Bxg5 Be7 11. exf6 Bxf6 12. Bxf6 Qxf6 13. h4 Rxh4 14. Rxh4 Qxh4 15. g3 Qh1 16. Qg4 Nd7 17. O-O-O Bb7 18. Qf4 Qh5 19. Ne4 Kf8 20. Qd6+ Ke8 21. Qxd7+ 1-0


[Site "https://www.chess.com"]

[Event "Titled Tuesday Blitz November 14 Late 2023"]
[White "Chigaev, Maksim"]
[Black "Bjelobrk, Igor"]
[WhiteFideId "4108116"]
[BlackFideId "4300726"]
[WhiteElo "2931"]
[BlackElo "2679"]
[Result "1-0"]
[Round "7"]
[TimeControl "180+1"]
[Date "2023.11.14"]
[WhiteClock "0:00:23"]
[BlackClock "0:00:33"]
[Board "19"]

1. d4 e6 2. g3 c5 3. Nf3 b5 4. Bg2 Bb7 5. c3 Nf6 6. O-O Be7 7. Bg5 Na6 8. e3 O-O 9. Nbd2 h6 10. Bxf6 Bxf6 11. a4 b4 12. a5 Rb8 13. Re1 d5 14. h4 Bc6 15. Qe2 Bb5 16. Qd1 bxc3 17. bxc3 cxd4 18. exd4 Qc7 19. Re3 Rfc8 20. Bf1 Bxf1 21. Qxf1 Qc6 22. g4 Nc7 23. g5 hxg5 24. hxg5 Be7 25. Ne5 Qb5 26. Qg2 g6 27. Qg4 Kg7 28. Rf3 Rf8 29. Qh4 Qe2 30. Qh6+ Kg8 31. Rh3 1-0


[Site "https://www.chess.com"]

[Event "Titled Tuesday Blitz November 14 Late 2023"]
[White "Sivakumar, Shaaketh"]
[Black "Kamsky, Gata"]
[WhiteFideId "30940176"]
[BlackFideId "2000024"]
[WhiteElo "2652"]
[BlackElo "2918"]
[Result "0-1"]
[Round "7"]
[TimeControl "180+1"]
[Date "2023.11.14"]
[WhiteClock "0:01:41"]
[BlackClock "0:01:12"]
[Board "20"]

1. Nf3 Nf6 2. g3 g6 3. Bg2 Bg7 4. O-O O-O 5. c4 c6 6. d4 d5 7. b3 Bf5 8. Bb2 Ne4 9. Nbd2 Qa5 10. Qc1 Nd7 11. Rd1 Nxd2 12. Qxd2 Qxd2 13. Nxd2 Nf6 14. f3 Rfd8 15. h3 Ne8 16. e4 dxe4 17. fxe4 Be6 18. e5 f6 19. exf6 exf6 20. Ne4 Rab8 21. Nc5 Bf7 22. Rd2 f5 23. Rad1 Nc7 24. Nxb7 Rxb7 25. Bxc6 Rb6 26. d5 Bxb2 27. c5 Rxc6 28. dxc6 Rxd2 29. Rxd2 Ba3 0-1


[Site "https://www.chess.com"]

[Event "Titled Tuesday Blitz November 14 Late 2023"]
[White "Ambartsumova, Karina"]
[Black "Tactrics"]
[WhiteFideId "4166299"]
[WhiteElo "2638"]
[BlackElo "2862"]
[Result "1-0"]
[Round "7"]
[TimeControl "180+1"]
[Date "2023.11.14"]
[WhiteClock "0:00:18"]
[BlackClock "0:00:18"]
[Board "21"]

1. d4 e6 2. c4 Nf6 3. Nc3 Bb4 4. Qc2 Nc6 5. Nf3 d6 6. a3 Bxc3+ 7. Qxc3 O-O 8. g3 Qe7 9. Bg2 e5 10. O-O Bg4 11. d5 Bxf3 12. Qxf3 Nd4 13. Qd3 Qd7 14. Bg5 Qf5 15. Qxf5 Nxf5 16. Bxf6 gxf6 17. e3 a5 18. b4 Ra7 19. h4 Rfa8 20. b5 Ne7 21. Rac1 b6 22. Bh3 Kg7 23. f4 Ng6 24. Rc2 Rg8 25. h5 Ne7 26. fxe5 fxe5 27. Rcf2 Rf8 28. h6+ Kxh6 29. Rxf7 Rxf7 30. Rxf7 Ng6 31. Kg2 e4 32. Bf5 Ne5 33. Rxh7+ Kg5 34. Bxe4 Nxc4 35. a4 Nxe3+ 36. Kf3 Nc4 37. Bc2 Ne5+ 38. Ke4 Kf6 39. Kf4 Nf7 40. g4 Ra8 41. g5+ Nxg5 42. Rh6+ Kg7 43. Kxg5 Re8 44. Bf5 Re5 45. Rh7+ Kf8 46. Kf6 Rxd5 47. Rh8# 1-0


[Site "https://www.chess.com"]

[Event "Titled Tuesday Blitz November 14 Late 2023"]
[White "Fernandez Reyes, Lisandro"]
[Black "Rustemov, Alexander"]
[WhiteFideId "3504190"]
[BlackFideId "4119002"]
[WhiteElo "2589"]
[BlackElo "2862"]
[Result "1-0"]
[Round "7"]
[TimeControl "180+1"]
[Date "2023.11.14"]
[WhiteClock "0:00:52"]
[BlackClock "0:00:00"]
[Board "22"]

1. e4 e6 2. d4 d5 3. Nc3 dxe4 4. Nxe4 Bd7 5. Nf3 Bc6 6. Bd3 Nd7 7. c3 Ngf6 8. Qe2 Nxe4 9. Bxe4 Bxe4 10. Qxe4 c6 11. O-O Bd6 12. Bg5 Qa5 13. b4 Qd5 14. Qd3 b5 15. a4 O-O 16. Rfe1 h6 17. Bh4 a5 18. axb5 cxb5 19. bxa5 Ra6 20. Reb1 Rb8 21. Bg3 Bxg3 22. hxg3 Qa8 23. Rxb5 Rc8 24. c4 Qa7 25. c5 Ra8 26. Qe4 Qc7 27. Qb7 Qd8 28. c6 R6a7 29. c7 Qxc7 30. Qxc7 Rxc7 31. Ra2 Rca7 32. Nd2 Nf6 33. Nc4 Nd5 34. Rab2 Rc8 35. Rb8 Rxb8 36. Rxb8+ Kh7 37. Rb5 Rc7 38. Ne5 f6 39. Nd3 Rc3 40. Nc5 Rc1+ 41. Kh2 f5 42. Nxe6 Nf6 43. f3 Re1 44. Nf4 g5 45. Rb7+ Kg8 46. Nd3 Rd1 47. Nc5 Ra1 48. a6 g4 49. a7 h5 50. Rb8+ Kf7 51. a8=Q Rxa8 52. Rxa8 Nd5 53. Rd8 Ne3 54. fxg4 hxg4 55. d5 Nf1+ 56. Kg1 Nxg3 57. d6 Ne2+ 58. Kf2 Nf4 59. d7 Ng6 60. Re8 1-0


[Site "https://www.chess.com"]

[Event "Titled Tuesday Blitz November 14 Late 2023"]
[White "Bettalli, Francesco"]
[Black "Henriquez Villagra, Cristobal"]
[WhiteFideId "2816453"]
[BlackFideId "3409350"]
[WhiteElo "2578"]
[BlackElo "2861"]
[Result "0-1"]
[Round "7"]
[TimeControl "180+1"]
[Date "2023.11.14"]
[WhiteClock "0:00:00"]
[BlackClock "0:00:10"]
[Board "23"]

1. e4 c5 2. Nc3 a6 3. g3 b5 4. Bg2 Bb7 5. Nh3 Nc6 6. O-O g6 7. f4 Bg7 8. d3 d6 9. Be3 h6 10. Kh1 Nd4 11. Rb1 Rc8 12. Ne2 e6 13. c3 Nxe2 14. Qxe2 Ne7 15. g4 Qd7 16. Rbe1 O-O 17. f5 exf5 18. gxf5 gxf5 19. exf5 Bxg2+ 20. Qxg2 Nxf5 21. Nf4 Nxe3 22. Rxe3 Kh8 23. Rg3 Be5 24. Rh3 Kh7 25. Nd5 Qe6 26. c4 f5 27. Rh5 Rg8 28. Qh3 Rcf8 29. Rhxf5 Rxf5 30. Qxf5+ Qxf5 31. Rxf5 Bxb2 32. Rf7+ Kh8 33. Ne7 Rg4 34. Nf5 bxc4 35. dxc4 Bd4 36. h3 Rg1+ 37. Kh2 Rc1 38. Nxd6 Be5+ 39. Kg2 Bxd6 40. Rf6 Rd1 41. Rxh6+ Kg7 42. Re6 Kf7 43. Rh6 Rd4 44. Kf3 Ke7 45. Rh7+ Ke6 46. Ra7 Rd3+ 47. Kg4 Rg3+ 48. Kh4 Ra3 49. Kg4 Rxa2 50. h4 a5 51. h5 Be5 52. h6 Bd4 53. h7 a4 0-1


[Site "https://www.chess.com"]

[Event "Titled Tuesday Blitz November 14 Late 2023"]
[White "Beerdsen, Thomas"]
[Black "Chylewski, Patryk"]
[WhiteFideId "1030108"]
[BlackFideId "1186191"]
[WhiteElo "2860"]
[BlackElo "2566"]
[Result "1-0"]
[Round "7"]
[TimeControl "180+1"]
[Date "2023.11.14"]
[WhiteClock "0:01:44"]
[BlackClock "0:00:17"]
[Board "24"]

1. e4 e5 2. d4 exd4 3. Qxd4 Nc6 4. Qd3 Bc5 5. Nc3 d6 6. Be3 Bxe3 7. Qxe3 Nf6 8. O-O-O Qe7 9. f3 Be6 10. g4 O-O-O 11. Bb5 Kb8 12. Bxc6 bxc6 13. Nge2 Bc8 14. Nd4 Bb7 15. Nf5 Qf8 16. e5 dxe5 17. Qxe5 Re8 18. Qa5 Nd5 19. a3 g6 20. Nd4 Qd6 21. Nxc6+ Qxc6 22. Nxd5 Re2 23. Nc3 Rf2 24. Rd4 Qxf3 25. Rhd1 Rc8 26. Rb4 Qe3+ 27. Kb1 Ka8 28. Qb5 Rb8 29. Qxb7+ Rxb7 30. Rd8+ Rb8 31. Rdxb8# 1-0


[Site "https://www.chess.com"]

[Event "Titled Tuesday Blitz November 14 Late 2023"]
[White "ArtemDyachuk"]
[Black "Bortnyk, Olexandr"]
[BlackFideId "14120828"]
[WhiteElo "2629"]
[BlackElo "2996"]
[Result "0-1"]
[Round "7"]
[TimeControl "180+1"]
[Date "2023.11.14"]
[WhiteClock "0:00:27"]
[BlackClock "0:00:21"]
[Board "25"]

1. e4 a6 2. d4 c6 3. Nf3 g6 4. h4 h6 5. Bc4 d5 6. exd5 cxd5 7. Bd3 Nc6 8. c3 Bg4 9. Nbd2 Bg7 10. Nf1 e5 11. dxe5 Nxe5 12. Be2 Bxf3 13. Bxf3 Nf6 14. Ne3 Nxf3+ 15. Qxf3 O-O 16. h5 d4 17. cxd4 Qxd4 18. O-O Nxh5 19. Qxb7 Nf4 20. Qf3 Nd3 21. Rd1 Rfd8 22. Nf1 Ne5 23. Qxa8 Qxd1 24. Qxa6 Rd3 25. a4 Qe1 26. Bf4 Qxa1 27. Bxe5 Rd1 28. Bxg7 Kxg7 29. Qb5 Rb1 30. Qe5+ Kh7 31. Qd5 Rxf1+ 32. Kh2 Rxf2 33. Qd4 Qxb2 34. Qd5 Qa2 35. Qc6 Rf4 36. Kg3 Qxa4 37. Qd5 Qe4 38. Qd7 Qe1+ 39. Kxf4 Qf2+ 40. Ke5 Kg7 41. g4 Qe3+ 42. Kd6 Qd4+ 43. Kc7 Qxd7+ 44. Kb6 Kf6 45. g5+ Kxg5 46. Kc5 f5 47. Kb6 Qc8 48. Kb5 Qc7 49. Kb4 Qc6 50. Kb3 Qc5 51. Kb2 Qc4 52. Kb1 Qc3 53. Ka2 Qb4 54. Ka1 Kf4 55. Ka2 Ke3 56. Ka1 Kd2 57. Ka2 Kc1 58. Ka1 f4 59. Ka2 f3 60. Ka1 f2 61. Ka2 g5 62. Ka1 g4 63. Ka2 g3 64. Ka1 g2 65. Ka2 h5 66. Ka1 h4 67. Ka2 h3 68. Ka1 h2 69. Ka2 f1=Q 70. Ka1 g1=Q 71. Ka2 h1=Q 72. Ka1 Qbb5 73. Ka2 Qfc4+ 74. Ka1 Qcc6 75. Ka2 Qd1 76. Ka1 Qdd7 77. Ka2 Qh4 78. Ka1 Kd2 79. Ka2 Ke3 80. Ka1 Ke4 81. Ka2 Ke5 82. Ka1 Ke6 83. Ka2 Ke7 84. Ka1 Ke8 85. Ka2 Qha4# 0-1


[Site "https://www.chess.com"]

[Event "Titled Tuesday Blitz November 14 Late 2023"]
[White "Sakun, Volodymyr"]
[Black "Mitrabha, Guha"]
[WhiteFideId "14114062"]
[BlackFideId "5057000"]
[WhiteElo "2620"]
[BlackElo "2927"]
[Result "0-1"]
[Round "7"]
[TimeControl "180+1"]
[Date "2023.11.14"]
[WhiteClock "0:00:00"]
[BlackClock "0:01:54"]
[Board "26"]

1. e4 c6 2. d4 d5 3. e5 Bf5 4. Nf3 e6 5. Be2 Ne7 6. Nbd2 Nd7 7. Nb3 a5 8. a4 h6 9. Bd2 Bh7 10. O-O Nf5 11. Qe1 b6 12. c4 dxc4 13. Bxc4 Be7 14. Qe2 O-O 15. Rac1 Rc8 16. Ba6 Rc7 17. Rfd1 Qa8 18. Bd3 Rd8 19. Be4 Bf8 20. Qd3 g6 21. h4 Bg7 22. Qe2 Qc8 23. g4 Ne7 24. h5 g5 25. Bxh7+ Kxh7 26. Qe4+ Kg8 27. Bxg5 hxg5 28. Nxg5 Nf8 29. Rc3 Bh6 30. Nh3 Nd5 31. g5 Nxc3 32. bxc3 Bg7 33. Nf4 Nh7 34. Qg2 c5 35. h6 cxd4 36. hxg7 Rxc3 37. Nd2 Qc6 38. Ne4 Rc1 39. Rf1 Rxf1+ 40. Kxf1 Qc1+ 41. Ke2 Qxf4 42. Nf6+ Nxf6 43. gxf6 d3+ 44. Kd1 Qxa4+ 0-1


[Site "https://www.chess.com"]

[Event "Titled Tuesday Blitz November 14 Late 2023"]
[White "Hong, Andrew"]
[Black "Roberson, Peter T"]
[WhiteFideId "2099438"]
[BlackFideId "412384"]
[WhiteElo "2907"]
[BlackElo "2614"]
[Result "1-0"]
[Round "7"]
[TimeControl "180+1"]
[Date "2023.11.14"]
[WhiteClock "0:01:30"]
[BlackClock "0:00:02"]
[Board "27"]

1. d4 Nf6 2. Bf4 c5 3. d5 d6 4. Nc3 g6 5. e4 Bg7 6. h3 O-O 7. Nf3 Re8 8. Be2 e6 9. O-O exd5 10. exd5 Ne4 11. Nxe4 Rxe4 12. Bc1 Nd7 13. Bd3 Re8 14. Re1 Ne5 15. Bf4 Nxf3+ 16. Qxf3 Bxb2 17. Rxe8+ Qxe8 18. Rb1 Be5 19. Re1 Bd7 20. Bxe5 dxe5 21. Qf6 Qf8 22. Rxe5 Re8 23. d6 Rxe5 24. Qxe5 Qe8 25. Qxc5 b6 26. Qd4 Be6 27. a4 Qc8 28. Bb5 a6 29. d7 Qd8 30. Bc6 Kf8 31. Qd6+ Kg7 32. h4 h5 33. g3 Kh7 34. Kf1 Kg7 35. Kg1 Kh7 36. c3 Kg7 37. c4 Kh7 38. a5 bxa5 39. c5 g5 40. Be4+ Kh6 41. c6 gxh4 42. c7 Qg5 43. Qf8+ Qg7 44. d8=Q 1-0


[Site "https://www.chess.com"]

[Event "Titled Tuesday Blitz November 14 Late 2023"]
[White "OPQRC"]
[Black "Yeletsky, Ivan"]
[BlackFideId "24180327"]
[WhiteElo "2599"]
[BlackElo "2897"]
[Result "0-1"]
[Round "7"]
[TimeControl "180+1"]
[Date "2023.11.14"]
[WhiteClock "0:00:01"]
[BlackClock "0:00:09"]
[Board "28"]

1. e4 d5 2. exd5 Qxd5 3. Nc3 Qd6 4. Nf3 Nf6 5. Bc4 Bg4 6. h3 Bh5 7. g4 Bg6 8. d3 Nc6 9. Qe2 O-O-O 10. Be3 e6 11. O-O-O Nd5 12. Qd2 Qb4 13. Nxd5 exd5 14. Bb3 Qxd2+ 15. Bxd2 f6 16. Nh4 Nd4 17. f4 Bc5 18. f5 Bf7 19. c3 Nxb3+ 20. axb3 a5 21. d4 Be7 22. Rde1 Rhe8 23. Nf3 Bd6 24. Kc2 b6 25. h4 h5 26. g5 Rxe1 27. Rxe1 Re8 28. Rg1 Re4 29. gxf6 gxf6 30. Rg7 Be8 31. Rh7 Rg4 32. Rh6 Be7 33. Rh7 Kd8 34. Kd3 Rg3 35. Ke3 Bd6 36. Kf2 Rg4 37. Rh6 Bg3+ 38. Kf1 Ke7 39. Rh7+ Bf7 40. Ne5 fxe5 41. Bg5+ Kf8 42. Bf6 e4 43. Rh8+ Rg8 44. Rh7 Bf4 45. Be5 Rg4 46. Rh8+ Ke7 47. Rh7 c5 48. f6+ Ke6 49. dxc5 bxc5 50. Bxf4 Rxf4+ 51. Ke2 Rxf6 0-1


[Site "https://www.chess.com"]

[Event "Titled Tuesday Blitz November 14 Late 2023"]
[White "BardArtem"]
[Black "Omelja, Artem"]
[BlackFideId "14119846"]
[WhiteElo "2825"]
[BlackElo "2598"]
[Result "1-0"]
[Round "7"]
[TimeControl "180+1"]
[Date "2023.11.14"]
[WhiteClock "0:00:02"]
[BlackClock "0:00:00"]
[Board "29"]

1. e4 c5 2. c3 d5 3. exd5 Qxd5 4. d4 Nf6 5. Nf3 Bg4 6. dxc5 Qxc5 7. h3 Bh5 8. Be3 Qc7 9. Na3 a6 10. Nc4 Nbd7 11. g4 Bg6 12. g5 Ne4 13. Qd4 e6 14. Nce5 Bc5 15. Qxd7+ Qxd7 16. Nxd7 Bxe3 17. fxe3 Kxd7 18. Bg2 Ke7 19. Ne5 Bf5 20. O-O f6 21. gxf6+ gxf6 22. Nf3 Rhg8 23. Kh2 Rxg2+ 24. Kxg2 Rg8+ 25. Kh2 Rg3 26. Ng1 Rxe3 27. Rfe1 Rd3 28. Rad1 Nf2 29. Rxd3 Nxd3 30. Re2 e5 31. Rd2 b5 32. Ne2 Nc5 33. Ng3 Be6 34. b3 f5 35. Re2 e4 36. Nh5 Nd3 37. Kg3 Nc1 38. Rc2 Nd3 39. Nf4 Ne5 40. Kf2 Bf7 41. Ke3 a5 42. Rd2 a4 43. Nd5+ Kf8 44. c4 axb3 45. axb3 bxc4 46. b4 Nd3 47. Kd4 f4 48. Nxf4 1-0


[Site "https://www.chess.com"]

[Event "Titled Tuesday Blitz November 14 Late 2023"]
[White "Lymar, Vladislav"]
[Black "Klekowski, Maciej"]
[WhiteFideId "14162180"]
[BlackFideId "1132717"]
[WhiteElo "2590"]
[BlackElo "2824"]
[Result "0-1"]
[Round "7"]
[TimeControl "180+1"]
[Date "2023.11.14"]
[WhiteClock "0:00:05"]
[BlackClock "0:00:52"]
[Board "30"]

1. d4 Nf6 2. c4 d6 3. Nc3 Nbd7 4. Nf3 e5 5. Qc2 Be7 6. g3 c6 7. Bg2 O-O 8. O-O Re8 9. b3 Bf8 10. dxe5 dxe5 11. Bb2 Qc7 12. Rfd1 a5 13. Ng5 h6 14. Nge4 Nh7 15. a4 f5 16. Nd2 Ndf6 17. Ba3 Bb4 18. Bxb4 axb4 19. Na2 c5 20. Nf1 f4 21. Nc1 Ng5 22. h4 Ne6 23. e3 Ra6 24. Ne2 Qf7 25. exf4 exf4 26. Bd5 Nh5 27. Qe4 Kh8 28. Qf3 Rf8 29. Re1 Qg6 30. g4 Nd4 31. Nxd4 Bxg4 32. Be4 Bxf3+ 33. Bxg6 Rxg6+ 34. Kh2 cxd4 35. Nd2 Rg2+ 36. Kh3 Rxf2 37. Nxf3 Rxf3+ 38. Kg4 Rg3+ 39. Kxh5 Rf5# 0-1


[Site "https://www.chess.com"]